 Dungeon Crawl Stone Soup version 0.31-a0-354-g827e095 (webtiles) character file.

Game seed: 9059323467978601386

2425 Dawnplanks the Cleaver (level 9, -5/75 HPs)
             Began as a Hill Orc Fighter on July 23, 2023.
             Was a Believer of Jiyva.
             Killed from afar by an electric eel (8 damage)
             ... with a bolt of electricity
             ... on level 6 of the Dungeon.
             The game lasted 00:11:40 (3952 turns).

Dawnplanks the Cleaver (Hill Orc Fighter)           Turns: 3952, Time: 00:11:40

Health: -5/75      AC: 10    Str: 23    XL:     9   Next: 48%
Magic:  9/9        EV:  9    Int:  8    God:    Jiyva [**....]
Gold:   223        SH:  8    Dex: 10    Spells: 8/8 levels left

rFire   . . .        a - +0 war axe
rCold   . . .        E - +0 kite shield
rNeg    . . .        b - +0 scale mail
rPois   .            (no helmet)
rElec   .            (no cloak)
rCorr   +            g - +0 pair of gloves
SInv    .            D - +0 pair of boots
Will    .....        v - amulet of regeneration Stlth
                     l - ring of wizardry
HPRegen 2.08/turn    (no ring)
MPRegen 0.41/turn

%: wizardry (x1)
@: no status effects
A: no striking features
a: Renounce Religion


You were on level 6 of the Dungeon.
You worshipped Jiyva.
Jiyva was pleased with you.
You visited 2 branches of the dungeon, and saw 7 of its levels.

You collected 223 gold pieces.

Inventory:

Hand Weapons
 a - a +0 war axe (weapon)
 z - a +1 whip of flaming
 A - a +6 great mace
 C - a +1 flail of protection
Missiles
 x - 2 throwing nets
Armour
 b - a +0 scale mail (worn)
 g - a +0 pair of gloves (worn)
 D - a +0 pair of boots (worn)
 E - a +0 kite shield (worn)
Jewellery
 l - a ring of wizardry (left hand)
 v - an amulet of regeneration (around neck)
 y - a +4 ring of protection
 B - an amulet of reflection
Wands
 q - a wand of polymorph (4)
 w - a wand of acid (10)
Scrolls
 h - 2 scrolls of revelation {unknown}
 i - 2 scrolls of blinking {unknown}
 j - 2 scrolls of fog {unknown}
 k - 2 scrolls of identify {unknown}
 m - a scroll of enchant armour {unknown}
 n - a scroll of amnesia {unknown}
 p - 2 scrolls of poison {unknown}
 s - 3 scrolls of fear {unknown}
Potions
 d - 2 potions of might
 e - 2 potions of haste {unknown}
 f - a potion of curing {unknown}
 o - a potion of attraction {unknown}
 r - a potion of cancellation {unknown}
 t - a potion of degeneration {unknown}
 u - 2 potions of enlightenment {unknown}


   Skills:
 + Level 5.9 Fighting
 * Level 12.8 Axes
 + Level 6.4 Armour
 + Level 1.9 Dodging
 + Level 4.8 Shields
 + Level 0.8 Unarmed Combat


You had 8 spell levels left.
You didn't know any spells.
Your spell library contained the following spells:

 Spells                   Type           Power      Damage    Failure   Level
 Slow                     Hex            0%         N/A       61%         1
 Confusing Touch          Hex            0%         N/A       92%         3
 Vampiric Draining        Necr           0%         2d6       92%         3
 Alistair's Intoxication  Tmut/Pois      0%         N/A       100%        5
 Borgnjor's Vile Clutch   Necr/Erth      0%         N/A       100%        5
 Eringya's Noxious Bog    Tmut/Pois      0%         4d6       100%        6


Dungeon Overview and Level Annotations

Branches:
Dungeon (6/15)             Temple (1/1) D:4

Altars:
Ashenzari
Elyvilon
Gozag
Kikubaaqudgha
Makhleb
Nemelex Xobeh
Sif Muna
Trog
Uskayaw
Xom
Yredelemnul
Zin
Jiyva

Shops:
D:2 [(((

Annotations:
D:3 4 runed translucent doors, Crazy Yiuf; centralandcovert's ghost, amateur OpCj; iruleme's ghost, amateur OpHW


Message History

The shadow imp gestures at you. Pain shoots through your body!
An electric eel comes into view.
You enter the shallow water.
Moving in this stuff is going to be slow.
You hear a distant slurping noise.
The shadow imp gestures at you. Pain shoots through your body!
The electric eel shoots out a bolt of lightning at you!
The bolt of electricity hits you!
The electric eel shoots out a bolt of lightning at you!
The bolt of electricity hits you!
You open the gate.
The electric eel shoots out a bolt of lightning at you!
The bolt of electricity hits you! x2
The shadow imp shouts, "Take thy face hence, thou bawdy common-kissing mule!"
You block the shadow imp's attack.
The electric eel shoots out a bolt of lightning at you!
The bolt of electricity hits the shadow imp!
The bolt of electricity hits you.
* * * LOW HITPOINT WARNING * * *
The bolt of electricity hits you.
* * * LOW HITPOINT WARNING * * *
The shadow imp gestures at you. Pain shoots through your body!
* * * LOW HITPOINT WARNING * * *
There is an open gate here.
The shadow imp attacks as you move away!
The shadow imp closely misses you.
The electric eel shoots out a bolt of lightning at you!
The bolt of electricity misses the electric eel.
The bolt of electricity hits you.
* * * LOW HITPOINT WARNING * * *
The electric eel shoots out a bolt of lightning at you!
The bolt of electricity hits you!
* * * LOW HITPOINT WARNING * * *
The electric eel shoots out a bolt of lightning at you!
The bolt of electricity hits the electric eel.
The electric eel completely resists.
The bolt of electricity hits you!
You die...

#)# #. #.# ########. #.#
#........ #<# #........
#...# #........ ###.#
#........ .# ########.
############ #.
#...@....... ####.
#...###....# ##..#.
###''5### ..# ##.#.#.
##.......## # ##.##...
#..S...~..## #.######
#..~.~.~.~..## ##.#.#
..S...~...~..## ###.###
.~.~.~.~.~.~..## #....
~...~.♣.~...~..######.##.


You could see 2 electric eels and a shadow imp.

Vanquished Creatures
  Pikel (D:5)
  Grinder (D:3)
  Sigmund (D:2)
  Edmund (D:5)
  A black bear (D:4)
  A centaur (D:5)
  3 ogres
  A kobold brigand (D:5)
  The ghost of PiratePeteNZ the Digger, an amateur DEEE (D:5)
  A scorpion (D:5)
  A wyvern zombie (D:5)
  An electric eel (D:6)
  3 bullfrog zombies (D:5)
  A centaur zombie (D:5)
  5 hounds
  A jelly (D:3)
  A gnoll bouda (D:6)
  A scorpion zombie (D:5)
  2 iguanas
  An orc wizard (D:6)
  A killer bee zombie (D:5)
  17 gnolls
  7 adders
  2 adder zombies (D:5)
  2 worms
  3 dart slugs
  7 orcs
  5 endoplasms
  A giant cockroach (D:1)
  6 goblins
  5 hobgoblins
  4 jackals (D:1)
  9 kobolds
  3 quokkas
  7 ball pythons
  2 bats
  3 frilled lizards
  3 rats
116 creatures vanquished.

Vanquished Creatures (others)
  A centaur (D:5)
  A phantom (D:4)
  A wyvern zombie (D:5)
  A water moccasin skeleton (D:5)
  A hound (D:5)
  2 jellies
  A sleepcap (D:6)
  2 adders
  A gnoll (D:4)
  2 orcs
  An endoplasm (D:4)
  A hobgoblin (D:4)
  A ball python (D:4)
16 creatures vanquished.

Grand Total: 132 creatures vanquished

Notes
Turn   | Place    | Note
-------+----------+-------------------------------------------
     0 | D:1      | Dawnplanks the Hill Orc Fighter began the quest for the
                  | Orb.
     0 | D:1      | Reached XP level 1. HP: 19/19 MP: 1/1
   104 | D:1      | Reached skill level 3 in Axes
   104 | D:1      | Reached XP level 2. HP: 27/27 MP: 2/2
   351 | D:1      | Reached XP level 3. HP: 33/33 MP: 3/3
   684 | D:2      | Found Iviecu Wilu's Weapon Shop.
   692 | D:2      | Found a faded altar of an unknown god.
   718 | D:2      | Found Kyguir's Weapon Boutique.
   977 | D:2      | Reached skill level 4 in Axes
   996 | D:2      | Found Famuergh's Antique Armour Shoppe.
  1035 | D:2      | Found Cyoggox's Antique Weapon Shop.
  1056 | D:2      | Noticed Sigmund
  1079 | D:2      | Killed Sigmund
  1080 | D:2      | Reached skill level 6 in Axes
  1080 | D:2      | Reached XP level 4. HP: 12/40 MP: 4/4
  1080 | D:2      | Reached XP level 5. HP: 14/46 MP: 5/5
  1349 | D:3      | Noticed Grinder
  1365 | D:3      | Killed Grinder
  1366 | D:3      | Reached skill level 7 in Axes
  1366 | D:3      | Reached XP level 6. HP: 51/53 MP: 6/6
  1414 | D:3      | Found a runed translucent gate.
  1414 | D:3      | Found a runed translucent gate.
  1415 | D:3      | Found a runed translucent gate.
  1419 | D:3      | Noticed centralandcovert's ghost (amateur OpCj)
  1419 | D:3      | Noticed iruleme's ghost (amateur OpHW)
  1553 | D:3      | Found a runed translucent door.
  1554 | D:3      | Noticed Crazy Yiuf
  1823 | D:3      | Reached XP level 7. HP: 60/60 MP: 7/7
  1918 | D:4      | Found a staircase to the Ecumenical Temple.
  1939 | Temple   | Entered the Ecumenical Temple
  2021 | Temple   | Became a worshipper of Jiyva Joloru the Shapeless
  2062 | D:4      | Reached skill level 8 in Axes
  2333 | D:4      | Reached skill level 1 in Dodging
  2344 | D:4      | Reached skill level 5 in Armour
  2418 | D:4      | Reached * piety under Jiyva
  2547 | D:4      | Reached skill level 9 in Axes
  2609 | D:4      | Reached skill level 5 in Fighting
  2609 | D:4      | Reached XP level 8. HP: 68/68 MP: 8/8
  2738 | D:4      | Found a white marble altar of Elyvilon.
  2868 | D:5      | Entered Level 5 of the Dungeon
  2915 | D:5      | Found a basalt altar of Yredelemnul.
  2977 | D:5      | Reached skill level 10 in Axes
  3011 | D:5      | Noticed Pikel
  3030 | D:5      | Killed Pikel
  3031 | D:5      | Reached skill level 11 in Axes
  3033 | D:5      | Reached XP level 9. HP: 48/74 MP: 9/9
  3056 | D:5      | Reached ** piety under Jiyva
  3109 | D:5      | Found a runed translucent gate.
  3109 | D:5      | Found a runed translucent gate.
  3109 | D:5      | Found a runed translucent gate.
  3133 | D:5      | Noticed PiratePeteNZ's ghost (amateur DEEE)
  3259 | D:5      | Found a shimmering blue altar of Sif Muna.
  3465 | D:5      | Noticed Edmund
  3479 | D:5      | Killed Edmund
  3480 | D:5      | Reached skill level 12 in Axes
  3548 | D:5      | Killed PiratePeteNZ's ghost
  3951 | D:6      | HP: 1/75 [electric eel/bolt of electricity (7)]
  3952 | D:6      | Killed from afar by an electric eel

Illustrated notes

Levels and vault maps discovered:
D:1:      noname_arrival_rooms_in_the_neighbourhood, layout_loops_ring
D:2:      layout_rooms, basic_ecumenical_altar, serial_shops, shop,
          nicolae_shop_advertising_works [nicolae_subvault_shop_adworks],
          nicolae_shop_window_shopping, shop_coins, uniq_sigmund
D:3:      layout_rooms, gammafunk_ghost_cemetery, serial_curves, eino_curves_04,
          eino_curves_01, kennysheep_generic_room_14, uniq_crazy_yiuf_cottage,
          uniq_grinder
D:4:      layout_loops_cross, nicolae_elyvilon_temple_path,
          minmay_temple_entry_wispy, minmay_checkerbox
D:5:      layout_basic, led_sif_pool, nicolae_yredelemnul_corpse_copse,
          gammafunk_ghost_necromancy, bh_walls_and_bars, uniq_pikel, uniq_edmund
D:6:      layout_basic, amethyst_killhole, grunt_ministairs_5,
          kennysheep_cluttered_room, minmay_misc_feat_tiny
Temple:   pf_slimified_temple

Skill      XL: |  1  2  3  4  5  6  7  8  9 |
---------------+----------------------------+-----
Axes           | 3 6 7 9 11 12 | 12.8
Fighting       | 4 5 |  5.9
Armour         | 4 5 6 |  6.4
Dodging        | 1 |  1.9
Shields        | 4 |  4.8
Unarmed Combat | |  0.8

Action                     |  1- 3 |  4- 6 |  7- 9 || total
---------------------------+-------+-------+-------++-------
  Melee: War axe           |    86 |    20 |   286 ||   392
         Unarmed           |       |     8 |       ||     8
    Use: Potion            |     1 |       |       ||     1
   Stab: Distracted        |       |       |     1 ||     1
 Armour: Scale mail        |    41 |     9 |    99 ||   149
         Skin              |       |     3 |       ||     3
  Dodge: Dodged            |    31 |     8 |   126 ||   165
  Block: Buckler           |    14 |       |    63 ||    77
         Kite shield       |       |       |     4 ||     4

Table legend: (Time is in decaauts)
 A = Elapsed time spent in this place.
 B = Non-inter-level travel time spent in this place.
 C = Inter-level travel time spent in this place.
 D = Time resting spent in this place.
 E = Time spent auto-exploring this place.
 F = Levels seen in this place.
 G = Mean time per level.
                   A        B        C        D        E       F      G
               +--------+--------+--------+--------+--------+-----+--------+
         Total |   3993 |   3793 |    200 |      0 |   2978 |   7 |  570.4 |
       Dungeon |   3953 |   3786 |    167 |      0 |   2978 |   6 |  658.8 |
        Temple |     39 |      6 |     33 |      0 |      0 |   1 |   39.0 |
               +--------+--------+--------+--------+--------+-----+--------+

Top non-repeatable levels by time:
     D:4: 923 daAuts
     D:5: 717 daAuts
     D:1: 701 daAuts
     D:3: 625 daAuts
     D:2: 623 daAuts
     D:6: 362 daAuts
  Temple: 39 daAuts
